 Dungeon Crawl Stone Soup version bcrawl-1.15.1 (webtiles) character file.

Game seed: 15030771686476822610

382 Zawski the Slasher (level 7, -5/52 HPs)
             Began as a Human Gladiator on Sept 30, 2019.
             Killed by nerve-wracking pain
             ... invoked by an orc priest
              (10 damage)
             ... on level 3 of the Dungeon.
             The game lasted 00:05:59 (3201 turns).

Zawski the Slasher (Human Gladiator)                Turns: 3201, Time: 00:06:01

Health: -5/52      AC: 10    Str: 15 (16) XL:     7   Next: 5%
Magic:  7/7        EV: 11    Int:  8 (9)  God:
Gold:   152        SH:  4    Dex: 12 (14) Spells: 6/6 levels left

rFire    . . .     SeeInvis .   a - +0 long sword
rCold    . . .     Gourm    .   (no shield)
rNeg     . . .     Faith    .   e - +2 scale mail {rPois}
rPois    +         Spirit   .   c - +1 helmet
rElec    .         Reflect  +   (no cloak)
rCorr    .         Harm     .   (no gloves)
MR       .....     Clarity  +   (no boots)
Stlth    ..........             b - +3 amulet of reflection
HPRegen  0.17/turn              (no ring)
MPRegen  0.10/turn              (no ring)

@: very slow
A: clarity, evolution 1
a: no special abilities


You were on level 3 of the Dungeon.
You were not hungry.

You visited 1 branch of the dungeon, and saw 3 of its levels.

You collected 152 gold pieces.

Inventory:

Hand Weapons
 a - a +0 long sword (weapon)
Missiles
 d - 3 throwing nets (quivered) {!f}
Armour
 c - a +1 helmet (worn)
 e - a +2 scale mail of poison resistance (worn)
Jewellery
 b - a +3 amulet of reflection (around neck)
Wands
 k - a wand of flame (20)
Scrolls
 g - a scroll of enchant armour
 h - 2 scrolls of remove curse
 j - 2 scrolls of identify
Potions
 i - a potion of haste
 n - a potion of might
Comestibles
 f - 5 rations {!d}


   Skills:
 + Level 3.0 Fighting
 + Level 6.0 Long Blades
 + Level 2.3 Throwing
 + Level 2.6 Armour
 + Level 4.6 Dodging
 + Level 1.1 Stealth


You had 6 spell levels left.
You didn't know any spells.
Your spell library was empty.

Dungeon Overview and Level Annotations

Branches:
Dungeon (3/12)

Altars:
Kikubaaqudgha
Nemelex Xobeh
Ru
Uskayaw

Annotations:
D:3 1 transporter


Innate Abilities, Weirdness & Mutations

You possess an exceptional clarity of mind.
You evolve.


Message History

The orc priest mumbles some strange prayers to Beogh against you.
Beogh smites you!
You enter the shallow water.
Moving in this stuff is going to be slow.
The orc priest calls down the wrath of Beogh upon you.
Pain shoots through your body!
The orc priest invokes the aid of Beogh against you.
Beogh smites you!
* * * LOW HITPOINT WARNING * * *
You hit the plant.
The plant is lightly damaged.
You hit the plant but do no damage.
The plant is lightly damaged.
Your unstable footing causes you to fumble your attack.
The orc priest calls down the wrath of Beogh upon you.
Beogh smites you!
* * * LOW HITPOINT WARNING * * *
The orc priest mumbles some strange prayers to Beogh against you.
Pain shoots through your body!
You die...

#.#########..........(.
#.#8P$©$P8#.##.........
#.#≈..$..≈#.##.........
#.####+####.##.........
#.#.≈...≈.#.##.........
#.#.≈...≈.#.##.........
#.#.≈P≈≈≈$#.##.........
#.#.≈≈⌠≈≈o#.##.........
#.#5≈≈@≈≈5#.##.........
#.#.≈...≈o#.##.....†...
#.#.≈...≈.#.##.......[.
#.####'####.##.........
#.#P.....P#.##.........
#.#8P.©.P8#.##...).....
#.#########.##.........
#.....©................
#####........#########.


You could see 2 orc priests and 2 shadow imps.

Vanquished Creatures
  Sigmund (D:2)
  Terence (D:2)
  Natasha (thrice) (D:3)
  2 adders (D:3)
  3 oozes
  5 worms
  5 leopard geckos
  3 orcs (D:3)
  5 giant cockroaches
  4 goblins
  8 hobgoblins
  10 jackals (D:2)
  5 kobolds
  A quokka (D:2)
  2 ball pythons
  6 bats
  3 frilled lizards
  8 rats
75 creatures vanquished.

Notes
Turn   | Place    | Note
-------+----------+-------------------------------------------
     0 | D:1      | Zawski the Human Gladiator began the quest for the Orb.
     0 | D:1      | Reached XP level 1. HP: 16/16 MP: 1/1
   134 | D:1      | Reached XP level 2. HP: 22/22 MP: 2/2
   625 | D:1      | Reached XP level 3. HP: 27/27 MP: 3/3
   953 | D:2      | Reached skill level 4 in Long Blades
   994 | D:2      | Gained mutation: You evolve. [potion of mutation]
   994 | D:2      | Gained mutation: You possess an exceptional clarity of
                  | mind. [potion of mutation]
  1414 | D:2      | Reached XP level 4. HP: 32/33 MP: 4/4
  1467 | D:2      | Noticed Sigmund
  1490 | D:2      | Killed Sigmund
  1490 | D:2      | Reached skill level 5 in Long Blades
  1490 | D:2      | Reached skill level 1 in Armour
  1490 | D:2      | Reached skill level 1 in Stealth
  1490 | D:2      | Reached XP level 5. HP: 11/39 MP: 5/5
  1490 | D:2      | Reached XP level 6. HP: 13/46 MP: 6/6
  1980 | D:2      | Noticed Terence
  1986 | D:2      | Killed Terence
  2221 | D:3      | Found a hide-covered altar of Uskayaw.
  2221 | D:3      | Noticed Natasha
  2228 | D:3      | Killed Natasha
  2313 | D:3      | Noticed Natasha
  2329 | D:3      | Killed Natasha
  2428 | D:3      | Noticed Natasha
  2449 | D:3      | Killed Natasha
  2628 | D:3      | Found a sacrificial altar of Ru.
  2655 | D:3      | Reached XP level 7. HP: 46/52 MP: 7/7
  2739 | D:3      | Found an ancient bone altar of Kikubaaqudgha.
  2763 | D:3      | Found a sparkling altar of Nemelex Xobeh.
  2771 | D:3      | Reached skill level 6 in Long Blades
  3008 | D:3      | Found a transporter.
  3028 | D:3      | Found a transporter.
  3201 | D:3      | Killed from afar by an orc priest

Skill      XL: |  1  2  3  4  5  6  7 |
---------------+----------------------+-----
Long Blades    | 4 5 6 |  6.0
Armour         | 1 2 |  2.6
Dodging        | 4 |  4.6
Stealth        | 1 |  1.1
Fighting       | 3 |  3.0
Throwing       | |  2.3

Action                   |  1- 3 |  4- 6 |  7- 9 || total
-------------------------+-------+-------+-------++-------
Melee: Long sword        |   100 |   172 |    23 ||   295
  Use: Scroll            |     5 |     2 |       ||     7
       Potion            |     1 |     4 |       ||     5
  Eat: Chunk             |     2 |     2 |       ||     4
       Ration            |       |     1 |       ||     1
Armor: Leather armour    |    24 |    13 |       ||    37
       Scale mail        |       |   105 |     5 ||   110
Dodge: Dodged            |    89 |   183 |     7 ||   279
Block: Other             |     2 |     5 |     4 ||    11
